 Dungeon Crawl Stone Soup version 0.29.1-2-gbd0b4ee654 (webtiles) character file.

Game seed: 4825391259793570042

266 qeuew the Shooter (level 6, 0/32 HPs)
             Began as a Spriggan Hunter on Nov 15, 2022.
             Slain by an orc wizard
             ... wielding a +1 dagger of flaming
              (5 damage)
             ... on level 2 of the Dungeon.
             The game lasted 00:02:34 (1972 turns).

qeuew the Shooter (Spriggan Hunter)                 Turns: 1972, Time: 00:02:35

Health: 0/32       AC:  2    Str:  7    XL:     6   Next: 0%
Magic:  7/7        EV: 19    Int: 11    God:
Gold:   193        SH:  0    Dex: 20    Spells: 5/5 levels left

rFire   . . .      SeeInvis +   f - +0 dagger
rCold   + . .      Faith    .   (no shield)
rNeg    . . .      Spirit   .   c - +0 robe
rPois   .          Reflect  .   (helmet restricted)
rElec   .          Harm     .   (no cloak)
rCorr   .          Rampage  .   (gloves unavailable)
Will    +....      Clarity  +   (boots unavailable)
Stlth   +++.......              (no amulet)
HPRegen 0.10/turn               (no ring)
MPRegen 0.10/turn               (no ring)

@: very quick
A: very small, no large weapons, unfitting armour, see invisible, speed 3,
clarity, cold resistance 1, wild magic 1
a: no special abilities


You were on level 2 of the Dungeon.
You visited 1 branch of the dungeon, and saw 3 of its levels.

You collected 193 gold pieces.

Inventory:

Hand Weapons
 a - a +0 shortbow
 f - a +0 dagger (weapon)
Armour
 c - a +0 robe (worn)
Scrolls
 b - a scroll of silence {unknown}
 e - a scroll of poison {unknown}
 g - 3 scrolls of amnesia
Potions
 d - a potion of brilliance


   Skills:
 + Level 2.6 Fighting
 + Level 2.4 Short Blades
 + Level 4.8 Ranged Weapons
 + Level 4.4 Dodging
 + Level 4.4 Stealth


You had 5 spell levels left.
You didn't know any spells.
Your spell library contained the following spells:

 Spells                   Type           Power      Damage    Failure   Level
 Confusing Touch          Hex            0%         N/A       78%         3
 Yara's Violent Unravell  Hex/Tmut       0%         3d3       100%        5
 Enfeeble                 Hex            0%         N/A       100%        7


Dungeon Overview and Level Annotations

Branches:
Dungeon (3/15)

Altars:
Ru

Shops:
D:3 (


Innate Abilities, Weirdness & Mutations

You are very small and have problems with some larger weapons.
You are too small for most types of armour.
You have supernaturally acute eyesight. (SInv)
You cover ground extremely quickly. (Speed+++)
You possess an exceptional clarity of mind.
Your flesh is cold resistant. (rC+)
Your spells are a little harder to cast, but a little more powerful.


Message History

You hit the orc wizard but do no damage.
The orc wizard is moderately wounded.
The orc wizard misses you.
You hit the orc wizard but do no damage.
The orc wizard is moderately wounded.
The orc wizard completely misses you.
You closely miss the orc wizard.
The orc wizard is moderately wounded.
The orc wizard gestures at you while chanting.
You feel momentarily confused.
You barely miss the orc wizard.
The orc wizard is moderately wounded.
The orc wizard hits you with a +1 dagger of flaming.
The orc wizard burns you.
You hit the orc wizard.
The orc wizard is severely wounded.
You barely miss the orc wizard.
The orc wizard is severely wounded.
The orc wizard misses you.
You hit the orc wizard.
The orc wizard is severely wounded.
The orc wizard casts a spell at you. The magic dart hits you.
You hit the orc wizard but do no damage.
The orc wizard is severely wounded.
The orc wizard hits you with a +1 dagger of flaming.
The orc wizard burns you.
You barely miss the orc wizard. Your punch misses the orc wizard.
The orc wizard is severely wounded.
The orc wizard closely misses you.
You hit the orc wizard but do no damage.
The orc wizard is severely wounded.
The orc wizard hits you with a +1 dagger of flaming.
* * * LOW HITPOINT WARNING * * *
The orc wizard burns you.
* * * LOW HITPOINT WARNING * * *
You hit the orc wizard.
The orc wizard is almost dead.
The orc wizard hits you with a +1 dagger of flaming.
You die...

#.......# #.#.#.#
#.###### #.......#
#.#.#.# #.#
#.....#.####.#.#.# #.#
#.....#......#.#.####.#
#.....#####..#.#......#
#.....# #..#.########
#....<# ##.#.# #######
#...# #.o@# #####


You could see an orc wizard.

Vanquished Creatures
  Sigmund (D:2)
  Terence (D:2)
  4 adders
  3 dart slugs
  2 ball pythons (D:1)
  4 bats
  An endoplasm (D:3)
  A giant cockroach (D:1)
  A goblin (D:1)
  9 hobgoblins
  6 kobolds
  A quokka (D:2)
  3 frilled lizards
  2 rats (D:1)
39 creatures vanquished.

Notes
Turn   | Place    | Note
-------+----------+-------------------------------------------
     0 | D:1      | qeuew the Spriggan Hunter began the quest for the Orb.
     0 | D:1      | Reached XP level 1. HP: 10/10 MP: 2/2
   276 | D:1      | Reached XP level 2. HP: 15/15 MP: 3/3
   608 | D:1      | Found a faded altar of an unknown god.
   651 | D:1      | Gained mutation: Your flesh is cold resistant. (rC+)
                  | [potion of mutation]
   651 | D:1      | Gained mutation: You have hidden genetic potential. [potion
                  | of mutation]
   685 | D:2      | Reached XP level 3. HP: 16/18 MP: 4/4
   797 | D:2      | Noticed Terence
   822 | D:2      | Gained mutation: Your spells are a little harder to cast,
                  | but a little more powerful. [hidden potential]
   841 | D:2      | Killed Terence
   842 | D:2      | Reached skill level 1 in Short Blades
   842 | D:2      | Reached XP level 4. HP: 10/23 MP: 5/5
   866 | D:2      | Noticed Sigmund
   874 | D:2      | Killed Sigmund
   875 | D:2      | Reached XP level 5. HP: 11/27 MP: 6/6
   877 | D:2      | Gained mutation: You possess an exceptional clarity of
                  | mind. [hidden potential]
   877 | D:2      | Lost mutation: You have hidden genetic potential. [hidden
                  | potential expressed]
  1453 | D:2      | Found a sacrificial altar of Ru.
  1608 | D:3      | Found Maotosi's Weapon Emporium.
  1682 | D:3      | Reached XP level 6. HP: 32/32 MP: 7/7
  1972 | D:2      | Slain by an orc wizard

Illustrated notes

Levels and vault maps discovered:
D:1:      lightli_molten_gateway, layout_basic,
          hellmonk_ecumenical_altar_leap_of_faith, minmay_misc_feat_hallway,
          chequers_serial_rivers_large_b, nrook_mini_vaults
D:2:      layout_basic, basic_altar, dreamdust_wishing_well, uniq_sigmund,
          uniq_terence
D:3:      layout_basic, nicolae_overflow_crystal_walls, serial_shops,
          nicolae_shop_bloodbath_and_beyond

Skill      XL: |  1  2  3  4 |
---------------+-------------+-----
Stealth        | 2 3 4 |  4.4
Dodging        | 3 4 |  4.4
Fighting       | 2 |  2.6
Short Blades   | 1 2 |  2.4
Ranged Weapons | |  4.8

Action                   |  1- 3 |  4- 6 || total
-------------------------+-------+-------++-------
Melee: Dagger            |       |    11 ||    11
 Fire: Shortbow          |    66 |    57 ||   123
  Use: Potion            |     4 |       ||     4
       Scroll            |     3 |     3 ||     6
Armor: Robe              |     3 |     2 ||     5
Dodge: Dodged            |    21 |    15 ||    36
